 Dungeon Crawl Stone Soup version 0.30-a0-586-g23e55c9e0a (webtiles) character file.

Game seed: 3698021232695505230

11 tilp the Covered (level 2, -3/26 HPs)
             Began as a Meteoran Fighter on Jan 3, 2023.
             Slain by an iguana (12 damage)
             ... on level 3 of the Dungeon.
             The game lasted 00:00:59 (170 turns).

tilp the Covered (Meteoran Fighter)                  Turns: 170, Time: 00:01:00

Health: -3/26      AC:  7    Str: 17    XL:     2   Next: 52%
Magic:  3/3        EV:  9    Int:  9    God:
Gold:   12         SH:  5    Dex: 13    Spells: 1/1 levels left

rFire   . . .      SeeInvis .    a - +0 long sword
rCold   . . .      Faith    .    c - +0 buckler
rNeg    . . .      Spirit   .    b - +0 scale mail
rPois   .          Reflect  .    (no helmet)
rElec   .          Harm     .    (no cloak)
rCorr   .          Rampage  .    (no gloves)
Will    .....                    (no boots) Stlth
                                 (no amulet)
HPRegen 0.24/turn                (no ring)
MPRegen 0.08/turn                (no ring)

@: glowing
A: sense surroundings 1, otherworldly, glowing, explore regen
a: no special abilities


You were on level 3 of the Dungeon.
You visited 1 branch of the dungeon, and saw 3 of its levels.

You collected 12 gold pieces.

Inventory:

Hand Weapons
 a - a +0 long sword (weapon)
Armour
 b - a +0 scale mail (worn)
 c - a +0 buckler (worn)
Wands
 f - a wand of roots (12)
Scrolls
 e - 2 scrolls of identify {unknown}
Potions
 d - a potion of might


   Skills:
 + Level 3.4 Fighting
 + Level 2.6 Long Blades
 + Level 3.7 Armour
 * Level 1.1 Dodging
 + Level 0.2 Stealth
 + Level 3.7 Shields


You had one spell level left.
You didn't know any spells.
Your spell library was empty.

Dungeon Overview and Level Annotations

Branches:
Dungeon (3/15) Zot: 1620

Altars:


Innate Abilities, Weirdness & Mutations

You passively map a small area around you.
You are easily found by Zot.
You glow in the dark.
You regain HP and MP as you explore.


Message History

Unknown command.
Found a sharpened brass wand.
An endoplasm comes into view.
The endoplasm quivers.
You slash the endoplasm!
You kill the endoplasm!
Your Dodging skill increases to level 1!
f - a wand of roots (12)
You open the door.
An endoplasm comes into view.
Found a stone staircase leading down.
There is an open door here.
You hit the endoplasm.
The endoplasm is severely wounded.
You block the endoplasm's attack. The endoplasm hits you.
You hit the endoplasm.
You kill the endoplasm!
HP restored.
Found a quarterstaff, a sling and a white potion.
There is a stone staircase leading down here.
You climb downwards.
The iguana hisses angrily.
Found a stone staircase leading down.
There is a stone staircase leading up here.
You slash the iguana!
The iguana is heavily wounded.
The iguana closely misses you.
You hit the iguana.
The iguana is severely wounded.
The iguana bites you!
You closely miss the iguana.
The iguana is severely wounded.
The iguana bites you but does no damage.
The iguana bites you!
* * * LOW HITPOINT WARNING * * *
You are too injured to fight recklessly!
You hit the iguana.
The iguana is almost dead.
The iguana bites you!
You die...

, * , ,
#.... *
#.... #...#
, * #...# *
, #...## *
** #....#
#....######*
#.l@......#
, *
#....#.....,
* ####...
... *#.... .
, *......
#..... *
#.>.# .... *
,


You could see an iguana.

Vanquished Creatures
  2 endoplasms (D:2)
  A hobgoblin (D:1)
  4 jackals (D:1)
  2 rats (D:1)
9 creatures vanquished.

Notes
Turn   | Place    | Note
-------+----------+-------------------------------------------
     0 | D:1      | tilp the Meteoran Fighter began the quest for the Orb.
     0 | D:1      | Reached XP level 1. HP: 19/19 MP: 2/2
    62 | D:1      | Reached XP level 2. HP: 22/26 MP: 3/3
   106 | D:2      | Reached skill level 1 in Dodging
   170 | D:3      | Slain by an iguana

Illustrated notes

Levels and vault maps discovered:
D:1:      minmay_arrival_split_and_join, layout_rooms, minmay_pentomino_v2
D:2:      layout_basic, basic_altar, serial_shops, nicolae_shop_window_shopping
D:3:      minmay_chambers_of_twos, layout_rooms, uniq_crazy_yiuf_cottage

Skill      XL: |  1  2 |
---------------+-------+-----
Dodging        | 1 |  1.1
Fighting       | |  3.4
Long Blades    | |  2.6
Armour         | |  3.7
Stealth        | |  0.2
Shields        | |  3.7

Action                   || total
-------------------------++-------
Melee: Long sword        ||    27
Armor: Scale mail        ||     9
Dodge: Dodged            ||     8
Block: Buckler           ||     9

Table legend: (Time is in decaauts)
 A = Elapsed time spent in this place.
 B = Non-inter-level travel time spent in this place.
 C = Inter-level travel time spent in this place.
 D = Time resting spent in this place.
 E = Time spent auto-exploring this place.
 F = Levels seen in this place.
 G = Mean time per level.
                   A        B        C        D        E       F      G
               +--------+--------+--------+--------+--------+-----+--------+
         Total |    177 |    177 |      0 |      0 |      0 |   3 |   59.0 |
       Dungeon |    177 |    177 |      0 |      0 |      0 |   3 |   59.0 |
               +--------+--------+--------+--------+--------+-----+--------+

Top non-repeatable levels by time:
     D:1: 94 daAuts
     D:2: 77 daAuts
     D:3: 5 daAuts
